 Dungeon Crawl Stone Soup version 0.30-a0-373-gd37427bb62 (webtiles) character file.

Game seed: 2021348328298157006

102 BankerBuddy the Insei (level 4, -24/37 HPs)
             Began as a Draconian Transmuter on Nov 24, 2022.
             Annihilated by an ogre
             ... wielding a +0 giant club
              (28 damage)
             ... on level 4 of the Dungeon.
             The game lasted 00:07:02 (2247 turns).

BankerBuddy the Insei (Draconian Transmuter)        Turns: 2247, Time: 00:07:02

Health: -24/37     AC:  5    Str: 12    XL:     4   Next: 50%
Magic:  4/7        EV: 12    Int: 15    God:
Gold:   122        SH:  0    Dex: 10    Spells: 5/8 levels left

rFire   . . .      SeeInvis .      - Unarmed
rCold   . . .      Faith    .    (no shield)
rNeg    . . .      Spirit   .    (body armour unavailable)
rPois   .          Reflect  .    (helmet currently unavailable)
rElec   .          Harm     .    (no cloak)
rCorr   .          Rampage  .    (no gloves)
Will    +....                    (boots currently unavailable)
Stlth   +.........               h - amulet of regeneration
HPRegen 1.06/turn                g - ring of willpower
MPRegen 0.10/turn                (no ring)

@: appendages, wereblooded
A: horns 2, talons 2, AC +5, unfitting armour, cold-blooded, clumsy 1, wild
magic 1
a: End Transformation


You were on level 4 of the Dungeon.
You had temporarily grown beastly horns and talons.
You visited 1 branch of the dungeon, and saw 6 of its levels.

You collected 122 gold pieces.

Inventory:

Jewellery
 g - a ring of willpower (left hand)
 h - an amulet of regeneration (around neck)
Scrolls
 b - a scroll of butterflies
 c - 3 scrolls of teleportation
 d - a scroll of identify {unknown}
 f - 2 scrolls of enchant weapon
 i - a scroll of enchant armour
Potions
 a - a potion of lignification
 k - 2 potions of might
 l - a potion of attraction


   Skills:
 + Level 2.3 Fighting
 + Level 2.4 Dodging
 + Level 3.5 Unarmed Combat
 + Level 2.6 Spellcasting
 + Level 2.7 Transmutations


You had 5 spell levels left.
You knew the following spells:

 Your Spells              Type           Power      Damage    Failure   Level
a - Beastly Appendage     Tmut           26%        N/A       11%         1
b - Wereblood             Tmut           13%        N/A       16%         2

Your spell library contained the following spells:

 Spells                   Type           Power      Damage    Failure   Level
 Spider Form              Tmut/Pois      7%         N/A       43%         3
 Ice Form                 Ice/Tmut       7%         N/A       82%         4


Dungeon Overview and Level Annotations

Branches:
Dungeon (6/15)
 Temple: D:4-7

Altars:
Hepliaklqana
Makhleb


Innate Abilities, Weirdness & Mutations

You have temporarily grown beastly horns and talons.
Your plain brown scales are hard. (AC +5)
You cannot fit into any form of body armour.
You are cold-blooded and may be slowed by cold attacks.
You are clumsy. (Dex -2)
Your spells are a little harder to cast, but a little more powerful.


Message History

The hobgoblin shouts!
Casting: Beastly Appendage (safe; 11% risk of failure)
Confirm with . or Enter, or press ? or * to list all spells.
You grow a pair of large bovine horns.
Your feet morph into talons.
The hobgoblin closely misses you.
You hit the hobgoblin. You claw the hobgoblin.
You kill the hobgoblin!
Your transformation is almost over.
You see here a hobgoblin corpse.
Found a club.
Found 6 gold pieces.
Your horns disappear.
Your talons disappear.
You now have 122 gold pieces (gained 6).
Found a potion of might.
You see here a +0 club.
Found a potion of flight.
An ogre comes into view. It is wielding a +0 giant club.
A quokka comes into view.
Casting: Beastly Appendage (safe; 11% risk of failure)
Confirm with . or Enter, or press ? or * to list all spells.
Your blood is infused with primal strength.
Casting: Wereblood (safe; 16% risk of failure)
Confirm with . or Enter, or press ? or * to list all spells.
You grow a pair of large bovine horns.
Your feet morph into talons.
You hit the ogre. You claw the ogre.
The ogre is moderately wounded.
The ogre hits you with a +0 giant club!
You hit the ogre. Your kick misses the ogre. You headbutt the ogre.
You tail-slap the ogre.
The ogre is almost dead.
You hit the ogre.
The ogre is almost dead.
The ogre hits you with a +0 giant club!!
Ouch! That really hurt!
* * * LOW HITPOINT WARNING * * *
You barely miss the ogre.
Your tail-slap misses the ogre.
The ogre is almost dead.
The ogre hits you with a +0 giant club!!
Ouch! That really hurt!
You die...

.....#..#
......!.# #....!#
# #.....## .#
#.r#...## #.## #
##...## #...#
##...### #....
##....##..#
##..O@).#
##.....# #
##....## #.
##.....## #.##
##...##..##
#...##...####..##
#.....## ##..##
### ##...## ##..#
#.# #...##
######.#


You could see an ogre.

Vanquished Creatures
  An orc priest (D:4)
  A worm (D:2)
  2 dart slugs (D:1)
  2 orcs
  10 bats
  3 endoplasms (D:1)
  A giant cockroach (D:1)
  3 goblins
  3 hobgoblins
  4 jackals (D:2)
  9 kobolds
  2 quokkas
  10 ball pythons
  5 frilled lizards
  8 rats
64 creatures vanquished.

Vanquished Creatures (others)
  A plant (D:3)
1 creature vanquished.

Grand Total: 65 creatures vanquished

Notes
Turn   | Place    | Note
-------+----------+-------------------------------------------
     0 | D:1      | BankerBuddy the Draconian Transmuter began the quest for
                  | the Orb.
     0 | D:1      | Reached XP level 1. HP: 16/16 MP: 3/3
   256 | D:1      | Reached XP level 2. HP: 23/23 MP: 3/5
   511 | D:1      | Gained mutation: You are clumsy. (Dex -2) [potion of
                  | mutation]
   511 | D:1      | Gained mutation: Your spells are a little harder to cast,
                  | but a little more powerful. [potion of mutation]
   809 | D:1      | Reached XP level 3. HP: 29/29 MP: 6/6
  1266 | D:2      | Found a burning altar of Makhleb.
  1824 | D:3      | Found a hazy altar of Hepliaklqana.
  1920 | D:3      | Learned a level 2 spell: Wereblood
  2007 | D:3      | Reached XP level 4. HP: 36/36 MP: 5/7
  2076 | D:3      | You fall into a shaft and drop 3 floors!
  2084 | D:5      | Entered Level 5 of the Dungeon
  2097 | D:5      | Noticed a necrophage
  2233 | D:4      | Noticed an ogre
  2247 | D:4      | Annihilated by an ogre

Illustrated notes

Levels and vault maps discovered:
D:1:      wheals_arrival_shading, layout_basic
D:2:      layout_basic, basic_altar, st_stairs_12,
          nicolae_concentric_dashed_squares_mild, kennysheep_generic_room_8
D:3:      layout_basic, nicolae_ru_awakened_eye,
          nicolae_hepliaklqana_hazy_memory
D:4:      layout_layer_cave, minmay_pentangle
D:5:      layout_basic, serial_glass, glass_columns_b, glass_columns_a,
          serial_shops, shop, roderic_lattice_a, eino_curves_01,
          uniq_crazy_yiuf_cottage
D:6:      layout_gridville, vehumet_crystals, okawaru_trees_1,
          serial_bayou_lagoon_a

Skill      XL: |  1  2  3 |
---------------+----------+-----
Dodging        | 2 |  2.4
Fighting       | 2 |  2.3
Unarmed Combat | |  3.5
Spellcasting   | |  2.6
Transmutations | |  2.7

Action                   |  1- 3 |  4- 6 || total
-------------------------+-------+-------++-------
Melee: Unarmed           |   156 |    29 ||   185
       Kick              |    18 |     2 ||    20
       Headbutt          |    14 |     1 ||    15
       Tailslap          |    13 |     3 ||    16
       Punch             |     2 |       ||     2
 Cast: Beastly Appendage |    20 |     3 ||    23
       Wereblood         |       |     1 ||     1
  Use: Potion            |     8 |       ||     8
       Scroll            |     7 |       ||     7
Armor: Skin              |    66 |     7 ||    73
Dodge: Dodged            |   136 |    17 ||   153

Table legend: (Time is in decaauts)
 A = Elapsed time spent in this place.
 B = Non-inter-level travel time spent in this place.
 C = Inter-level travel time spent in this place.
 D = Time resting spent in this place.
 E = Time spent auto-exploring this place.
 F = Levels seen in this place.
 G = Mean time per level.
                   A        B        C        D        E       F      G
               +--------+--------+--------+--------+--------+-----+--------+
         Total |   2234 |   2234 |      0 |    264 |    690 |   6 |  372.3 |
       Dungeon |   2234 |   2234 |      0 |    264 |    690 |   6 |  372.3 |
               +--------+--------+--------+--------+--------+-----+--------+

Top non-repeatable levels by time:
     D:1: 1016 daAuts
     D:2: 788 daAuts
     D:3: 259 daAuts
     D:4: 147 daAuts
     D:5: 13 daAuts
     D:6: 7 daAuts
